 Dungeon Sprint DCSS version 0.26-a0-1058-g8dc6ce00ff (webtiles) character file.

Game seed: 17097204987360956282

3948 Adamkad1 the Blocker (level 10, -4/100 HPs)
             Began as a Palentonga Fighter on Dec 13, 2020.
             Was the Champion of Wu Jian.
             Killed from afar by a deep elf high priest (24 damage)
             ... with damnation
             ... in the Dungeon (Sprint V: "Ziggurat Sprint").
             The game lasted 00:14:24 (636 turns).

Adamkad1 the Blocker (Palentonga Fighter)            Turns: 636, Time: 00:14:24

Health: -4/100     AC: 34    Str: 29    XL:     10   Next: 2%
Magic:  10/10      EV:  1    Int:  8    God:    Wu Jian [******]
Gold:   0          SH: 31    Dex: 16    Spells: 9/9 levels left

rFire    . . .     SeeInvis +   H - +14 obsidian axe {vorpal, +Fly SInv *Curse} (curse)
rCold    . . .     Faith    .   F - +18 shield of the Gong {rElec rN+ Will+ EV-5}
rNeg     + . .     Spirit   .   G - +15 Maxwell's patent armour {-Cast -Tele rElec Will+ rCorr}
rPois    .         Reflect  .   (no helmet)
rElec    +         Harm     .   (no cloak)
rCorr    +         Rampage  .   (no gloves)
Will     ++...     NoTele   +   (no barding) Stlth ..........NoCast +
                                j - amulet of regeneration
HPRegen  0.66/turn              q - +6 ring of strength
MPRegen  0.12/turn              b - +6 ring of dexterity

@: mesmerised, studying Ice Magic, curled up
A: large, rugged brown scales 3, see invisible, deformed body, roll 1, armoured
tail, reflexive curl
a: Rolling Charge, Wall Jump, Serpent's Lash, Heavenly Storm, Renounce Religion,
Evoke Flight


You were in the Dungeon.
You worshipped Wu Jian.
Wu Jian was exalted by your worship.
You visited 1 branch

Inventory:

Hand Weapons
 n - the +9 war axe "Wieck" {freeze, Int+2}
   (You found it in the Dungeon)

   It has been specially enchanted to freeze those struck by it, causing extra
   injury to most foes and up to half again as much damage against particularly
   susceptible opponents.
   It can also slow down cold-blooded creatures.
   It affects your intelligence (+2).
 H - the cursed +14 obsidian axe (weapon) {vorpal, +Fly SInv *Curse}
   (You found it in the Dungeon)

   It inflicts extra damage upon your enemies.
   It lets you see invisible.
   It lets you fly.
   It curses itself when equipped.
   It has a curse placed upon it.
Armour
 k - a +3 tower shield
 F - the +18 shield of the Gong (worn) {rElec rN+ Will+ EV-5}
   (You found it in the Dungeon)

   It affects your evasion (-5).
   It insulates you from electricity.
   It protects you from negative energy.
   It affects your willpower, your defense against some magical effects.
 G - the +15 Maxwell's patent armour (worn) {-Cast -Tele rElec Will+ rCorr}
   (You found it in the Dungeon)

   It insulates you from electricity.
   It affects your willpower, your defense against some magical effects.
   It prevents spellcasting.
   It prevents most forms of teleportation.
   It provides partial protection from all sources of acid and corrosion.
Jewellery
 a - an uncursed ring of flight
 b - a +6 ring of dexterity (right hand)
 j - an amulet of regeneration (around neck)
 m - a +6 ring of dexterity
 o - a +6 ring of intelligence
 p - a +6 ring of intelligence
 q - a +6 ring of strength (left hand)
 r - a +6 ring of strength
 I - an uncursed ring of fire
 M - the amulet "Esuxuetu" {RegenMP +Inv rC+ Str-4 Int+3}
   (You found it in the Dungeon)

   [amulet of magic regeneration]

   It increases your magic regeneration.
   It affects your strength (-4).
   It affects your intelligence (+3).
   It protects you from cold.
   It lets you turn invisible.
 O - the ring of the Slicing Nightcaps {Will+ Stlth+}
   (You found it in the Dungeon)

   [ring of stealth]

   It affects your willpower, your defense against some magical effects.
   It makes you more stealthy.
 P - a +6 ring of strength
Wands
 s - a wand of disintegration (7)
 t - a wand of iceblast (7)
 u - a wand of acid (7)
Scrolls
 y - 4 scrolls of amnesia
 A - 7 scrolls of fog
 B - a scroll of holy word
 C - 5 scrolls of identify
 D - 5 scrolls of remove curse
 E - 2 scrolls of fear
Potions
 d - 6 potions of might
 e - 10 potions of curing
 f - 9 potions of heal wounds
 g - 10 potions of haste
 h - 7 potions of magic
 i - 3 potions of berserk rage
 v - 2 potions of brilliance
 w - 2 potions of invisibility
 x - 4 potions of resistance
Books
 L - a manual of Ice Magic
Miscellaneous
 c - a condenser vane
 l - a tin of tremorstones (2/2)
 z - a lightning rod (4/4)
 K - a phantom mirror
 N - a phial of floods


   Skills:
 * Level 10.8 Fighting
 * Level 10.6 Axes
 * Level 10.5 Armour
 + Level 11.1 Shields
 + Level 4.6 Evocations


You had 9 spell levels left.
You didn't know any spells.
Your spell library contained the following spells:

 Spells                   Type           Power        Failure   Level
 Animate Skeleton         Necr           #.....       97%         1
 Foxfire                  Conj/Fire      #...         97%         1
 Pain                     Necr           #...         97%         1
 Shock                    Conj/Air       #...         97%         1
 Sting                    Tmut/Pois      #...         97%         1
 Ensorcelled Hibernation  Hex/Ice        #.....       99%         2
 Slow                     Hex            #.......     99%         2
 Static Discharge         Conj/Air       #.......     100%        3
 Vampiric Draining        Necr           #.........   100%        3
 Animate Dead             Necr           #.........   100%        4
 Ice Form                 Ice/Tmut       #.......     100%        4
 Leda's Liquefaction      Hex/Erth       #.........   100%        4
 Petrify                  Tmut/Erth      #.......     100%        4
 Agony                    Necr           #.......     100%        5
 Bolt of Magma            Conj/Fire/Erth #.........   100%        5
 Fireball                 Conj/Fire      #.........   100%        5
 Lightning Bolt           Conj/Air       #.........   100%        5
 Metabolic Englaciation   Hex/Ice        #.........   100%        5
 Freezing Cloud           Conj/Ice/Air   #.........   100%        6
 Invisibility             Hex            #.......     100%        6
 Iron Shot                Conj/Erth      #.........   100%        6
 Ozocubu's Refrigeration  Ice            #.........   100%        6
 Simulacrum               Ice/Necr       #.........   100%        6
 Statue Form              Tmut/Erth      #........    100%        6
 Ignition                 Fire           #.........   100%        8
 Shatter                  Erth           #.........   100%        9


Dungeon Overview and Level Annotations

Branches:
Dungeon (1/1)

Altars:
Ashenzari
Cheibriados
Dithmenos
Elyvilon
Fedhas
Gozag
Hepliaklqana
Kikubaaqudgha
Makhleb
Nemelex Xobeh
Okawaru
Qazlal
Ru
Sif Muna
Trog
Uskayaw
Vehumet
Wu Jian
Xom
Yredelemnul
Zin
The Shining One
Beogh
Jiyva
Lugonu

Annotations:
D 1 transporter


Innate Abilities, Weirdness & Mutations

You are completely covered in rugged brown scales. (AC +3, +7% HP)
You have supernaturally acute eyesight. (SInv)
Armour fits poorly on your strangely shaped body.
You can roll at nearby foes to attack.
You have a long armoured tail.
You curl defensively after being hit.


Message History

You slice the deep elf master archer!! You barely miss the deep elf sorcerer.
You block the deep elf sorcerer's attack.
PTOANNNG!
The deep elf master archer wields a +0 longbow.
The deep elf master archer shoots an arrow.
GONNNNG!
You block the arrow.
The deep elf mage mumbles some strange words.
The deep elf mage blinks!
The deep elf master archer shoots an arrow.
BONNNG!
You block the arrow.
The deep elf mage casts a spell.
The deep elf mage blinks!
The deep elf master archer shoots an arrow.
The arrow hits you!
* * * LOW HITPOINT WARNING * * *
The deep elf high priest calls down the wrath of its god upon you.
The sphere of damnation explodes!
The damnation engulfs you!!
You die...

▓.........▓.......▓
▓....©....▓...©...▓
▓▓▓▓▓▓▓▓▓▓▓▓▓▓▓▓▓▓▓▓▓
▓...8©8...▓...8©8...▓
▓..)...[..▓..":.)}..▓
▓..}[e[|..▓...}}.}.)▓
▓..Eeee...▓.........▓
▓..eeYeY..▓........†▓
▓...§@e...▓.......))▓
▓...e°....▓......)).▓
▓....°....▓.▓....)▓(▓
▓.▓..°..▓.▓....©....▓
▓...(©....▓▓▓▓▓▓▓▓▓▓▓
▓▓▓▓▓▓▓▓▓▓▓


You could see 2 deep elf master archers, 2 deep elf sorcerers, a deep elf high
priest, an earth elemental (summoned), 4 deep elf magi and 2 ice beasts.

Vanquished Creatures
  A dancing weapon (D)
  A deep elf knight (D)
  3 deep elf magi (D)
  A wind drake (shapeshifter) (D)
  An air elemental (D)
  A hell hound (D)
  An orc warrior (D)
  A necrophage (D)
  2 phantoms (D)
  A wolf (D)
  An earth elemental (D)
  2 scorpions (D)
  A wight (D)
  A quasit (D)
  An orc wizard (D)
  3 orc priests (D)
  2 river rats (D)
  2 adder skeletons (D)
  3 adder zombies (D)
  2 orcs (D)
  A bat skeleton (D)
  2 leopard gecko skeletons (D)
  A quokka skeleton (D)
35 creatures vanquished.

Vanquished Creatures (collateral kills)
  3 water moccasins (D)
  2 phantoms (D)
  A quasit (D)
  An iron imp (D)
  An adder (D)
  A river rat (D)
  2 adder skeletons (D)
  An adder zombie (D)
  2 bat skeletons (D)
  A bat zombie (D)
  A ball python (D)
  A ball python zombie (D)
  A leopard gecko zombie (D)
18 creatures vanquished.

Vanquished Creatures (others)
  2 dancing weapons (D)
2 creatures vanquished.

Grand Total: 55 creatures vanquished

Notes
Turn   | Place    | Note
-------+----------+-------------------------------------------
     0 | D        | Adamkad1 the Palentonga Fighter began the quest for the
                  | Orb.
     0 | D        | Reached XP level 1. HP: 20/20 MP: 1/1
     0 | D        | Found a blossoming altar of Fedhas.
     1 | D        | Found the +6 Majin-Bo {vamp, MP+6 Int+6}
     1 | D        | Found the +9 heavy crossbow "Sniper" {vorpal, Acc+∞ SInv}
     1 | D        | Found the +10 dark maul {vorpal}
     1 | D        | Found the +15 Maxwell's patent armour {-Cast -Tele rElec
                  | Will+ rCorr}
     1 | D        | Found the +18 shield of the Gong {rElec rN+ Will+ EV-5}
     1 | D        | Found the cursed +14 obsidian axe {vorpal, +Fly SInv
                  | *Curse}
     1 | D        | Found the +7 great mace "Firestarter" {inner flame, rF++}
     1 | D        | Found the +6 shillelagh "Devastator" {shatter}
     1 | D        | Found the +11 plutonium sword {*Contam Stlth-}
     1 | D        | Found the +8 lance "Wyrmbane" {slay drac, rPois rF+ rC+
                  | AC+3}
     1 | D        | Found the +9 sword of Zonguldrok {reap}
     1 | D        | Found the cursed +13 scythe of Curses {drain, *Curse}
     1 | D        | Found the +0 sword of Power
     1 | D        | Found the +7 mace of Variability {chain chaos}
     1 | D        | Found the +7 Singing Sword {vorpal, sonic wave}
     1 | D        | Found the +8 storm bow {elec, penet}
     6 | D        | Found a transporter.
     6 | D        | Found a viscous altar of Jiyva.
     6 | D        | Found an ancient bone altar of Kikubaaqudgha.
     6 | D        | Found a hazy altar of Hepliaklqana.
     6 | D        | Found a corrupted altar of Lugonu.
     6 | D        | Found an opulent altar of Gozag.
     6 | D        | Found a burning altar of Makhleb.
    12 | D        | Banished a spatial maelstrom
    19 | D        | Found a stormy altar of Qazlal.
    19 | D        | Found a sacrificial altar of Ru.
    19 | D        | Found an iron altar of Okawaru.
    19 | D        | Found a shimmering blue altar of Sif Muna.
    19 | D        | Found a sparkling altar of Nemelex Xobeh.
    19 | D        | Found a bloodstained altar of Trog.
   124 | D        | Reached skill level 6 in Shields
   124 | D        | Reached XP level 2. HP: 27/27 MP: 2/2
   203 | D        | Became a worshipper of the Wu Jian Council
   235 | D        | Entered arena 2.
   235 | D        | Noticed a scorpion
   235 | D        | Noticed a scorpion
   235 | D        | Found a transporter.
   237 | D        | Killed a scorpion
   237 | D        | Noticed a rust devil
   238 | D        | Reached skill level 7 in Shields
   238 | D        | Reached XP level 3. HP: 33/33 MP: 3/3
   239 | D        | Killed a scorpion
   240 | D        | Reached XP level 4. HP: 42/42 MP: 4/4
   243 | D        | Got the Catalogue of Burning Poisoning
   249 | D        | Entered arena 3.
   249 | D        | Noticed a phantom
   249 | D        | Found a transporter.
   250 | D        | Reached * piety under Wu Jian
   255 | D        | Killed a phantom
   256 | D        | Reached skill level 5 in Armour
   256 | D        | Reached skill level 8 in Shields
   256 | D        | Reached XP level 5. HP: 50/50 MP: 5/5
   262 | D        | Entered arena 4.
   262 | D        | Noticed a wolf
   262 | D        | Found a transporter.
   264 | D        | Reached ** piety under Wu Jian
   265 | D        | Reached skill level 5 in Fighting
   265 | D        | Killed a wolf
   266 | D        | Reached XP level 6. HP: 55/59 MP: 6/6
   268 | D        | Got the +9 war axe "Wieck" {freeze, Int+2}
   275 | D        | Entered arena 5.
   275 | D        | Noticed a hell hound
   275 | D        | Found a transporter.
   276 | D        | Identified the +6 trident of Lust {venom, Int+6}
   277 | D        | Killed a hell hound
   277 | D        | Reached *** piety under Wu Jian
   278 | D        | Reached skill level 5 in Axes
   278 | D        | Reached skill level 9 in Shields
   288 | D        | Got the Almanac of Hexes and Transformation
   291 | D        | Entered arena 6.
   291 | D        | Noticed a water moccasin
   291 | D        | Noticed a water moccasin
   291 | D        | Noticed a water moccasin
   291 | D        | Found a transporter.
   294 | D        | Killed a water moccasin
   294 | D        | Reached **** piety under Wu Jian
   294 | D        | Killed a water moccasin
   295 | D        | Gained mutation: You curl defensively after being hit.
                  | [Palentonga growth]
   295 | D        | Reached XP level 7. HP: 65/67 MP: 7/7
   317 | D        | Entered arena 7.
   319 | D        | Found a transporter.
   319 | D        | Reached ***** piety under Wu Jian
   329 | D        | Got Vehumet's Guide on Confrontation
   349 | D        | Entered arena 8.
   350 | D        | Found a transporter.
   353 | D        | Reached ****** piety under Wu Jian
   355 | D        | Reached skill level 10 in Shields
   362 | D        | Got the amulet "Esuxuetu" {RegenMP +Inv rC+ Str-4 Int+3}
   380 | D        | Entered arena 9.
   381 | D        | Found a transporter.
   387 | D        | Reached XP level 8. HP: 64/78 MP: 8/8
   452 | D        | Entered arena 10.
   453 | D        | Found a transporter.
   478 | D        | Entered arena 11.
   478 | D        | Noticed a deep elf mage
   478 | D        | Noticed a deep elf knight
   478 | D        | Noticed a deep elf mage
   478 | D        | Noticed a deep elf mage
   478 | D        | Noticed a polar bear
   478 | D        | Noticed a +2 hand axe of flaming
   478 | D        | Noticed an air elemental
   478 | D        | Noticed a +1 trident of protection
   478 | D        | Noticed a wind drake
   478 | D        | a polar bear changed into a wind drake
   480 | D        | Killed a +2 hand axe of flaming
   481 | D        | Reached skill level 1 in Evocations
   481 | D        | Found a transporter.
   483 | D        | Killed a deep elf mage
   484 | D        | Killed an air elemental
   489 | D        | Killed a deep elf mage
   490 | D        | Reached XP level 9. HP: 21/89 MP: 9/9
   491 | D        | Killed a deep elf knight
   492 | D        | Reached skill level 10 in Fighting
   492 | D        | Reached skill level 10 in Armour
   492 | D        | Killed a wind drake
   493 | D        | Reached skill level 10 in Axes
   495 | D        | Killed a deep elf mage
   496 | D        | Reached skill level 11 in Shields
   496 | D        | Killed a +1 trident of protection
   622 | D        | Got the ring of the Slicing Nightcaps {Will+ Stlth+}
   631 | D        | Entered arena 12.
   631 | D        | Noticed a deep elf master archer
   631 | D        | Noticed a deep elf high priest
   631 | D        | Noticed a deep elf mage
   631 | D        | Noticed a deep elf mage
   631 | D        | Noticed a +3 morningstar of protection
   632 | D        | Noticed a deep elf master archer
   632 | D        | Noticed a deep elf sorcerer
   632 | D        | Noticed a deep elf sorcerer
   632 | D        | Noticed a deep elf mage
   632 | D        | Noticed a deep elf mage
   633 | D        | Found a transporter.
   634 | D        | Killed a +3 morningstar of protection
   634 | D        | HP: 3/92 [deep elf master archer/arrow (29)]
   635 | D        | Reached XP level 10. HP: 3/100 MP: 10/10
   636 | D        | Killed from afar by a deep elf high priest

Illustrated notes

Levels and vault maps discovered:
D:        sprint_v [room_start, room_1, room_2, room_3, room_4, room_5, room_6,
          room_7, room_8, room_9, room_10, room_11, room_12, room_13, room_14,
          room_15, room_16, room_17, room_18, room_19, room_20, room_21,
          room_22, room_23, room_24, room_25, room_26, room_27]

Skill      XL: |  1  2  3  4  5  6  7  8  9 |
---------------+----------------------------+-----
Shields        | 6 7 8 9 10 11 | 11.1
Armour         | 3 4 5 7 8 9 10 | 10.5
Fighting       | 4 5 6 7 9 10 | 10.8
Axes           | 3 4 5 7 9 10 | 10.6
Evocations     | 3 4 |  4.6

Action                   |  1- 3 |  4- 6 |  7- 9 | 10-12 || total
-------------------------+-------+-------+-------+-------++-------
Melee: Broad axe         |     4 |    12 |    39 |     1 ||    56
       Tailslap          |     1 |     1 |     4 |       ||     6
 Abil: Rolling Charge    |     1 |     3 |     7 |       ||    11
  Use: Potion            |     1 |       |       |     1 ||     2
Armor: Plate armour      |     1 |     4 |    14 |       ||    19
Dodge: Dodged            |     1 |       |       |       ||     1
Block: Kite shield       |     5 |    18 |    48 |     4 ||    75

Table legend: (Time is in decaauts)
 A = Elapsed time spent in this place.
 B = Non-inter-level travel time spent in this place.
 C = Inter-level travel time spent in this place.
 D = Time resting spent in this place.
 E = Time spent auto-exploring this place.
 F = Levels seen in this place.
 G = Mean time per level.
                   A        B        C        D        E       F      G
               +--------+--------+--------+--------+--------+-----+--------+
         Total |    654 |    653 |      1 |    159 |      0 |   1 |  654.0 |
       Dungeon |    654 |    653 |      1 |    159 |      0 |   1 |  654.0 |
               +--------+--------+--------+--------+--------+-----+--------+

Top non-repeatable levels by time:
       D: 654 daAuts
